 Seeded DCSS version 0.29.1-13-g9f3cf754e1 (webtiles) character file.

Game seed: 9492499784922955622 (custom seed)

188976 retardedninja the Bludgeoner (level 18, -27/120 HPs)
             Began as a Gargoyle Fighter on Jan 26, 2023.
             Was an Initiate of Gozag.
             Annihilated by a bog body (39 damage)
             ... on level 1 of the Swamp.
             The game lasted 01:13:08 (60167 turns).

retardedninja the Bludgeoner (Gargoyle Fighter)    Turns: 60167, Time: 01:13:09

Health: -27/120    AC: 49    Str: 28    XL:     18   Next: 11%
Magic:  18/18      EV:  8    Int: 17    God:    Gozag
Gold:   1833       SH: 18    Dex: 11    Spells: 17/17 levels left

rFire   + + .      SeeInvis +   z - +8 flail (protect)
rCold   x . .      Faith    .   L - +0 tower shield
rNeg    + . .      Spirit   .   b - +6 plate armour {rF+}
rPois   ∞          Reflect  .   H - +1 hat {Int+3}
rElec   +          Harm     .   v - +2 cloak
rCorr   .          Rampage  .   I - +2 pair of gloves
Will    +++..                   N - +2 pair of boots of the Invisible Hand {SInv}
Stlth   ..........              D - amulet of the acrobat
HPRegen 0.30/turn               n - ring of Cuichaj {rPois Str+2 Dex+3 Slay+2}
MPRegen 0.16/turn               J - ring "Teiduck" {Fire Drain rPois Will++ Stlth+}

@: flying
A: sickness immunity, AC +13, big wings, negative energy resistance 1,
electricity resistance, torment resistance 1, petrification resistance, antennae
1, see invisible, clever 1, subdued magic 1
}: 1/15 runes: serpentine
a: Renounce Religion, Potion Petition, Call Merchant, Bribe Branch


You were on level 1 of the Swamp.
You worshipped Gozag.
Gozag was most pleased with you.
You visited 6 branches of the dungeon, and saw 28 of its levels.

You collected 9908 gold pieces.
You spent 1452 gold pieces at shops.
You paid 6623 gold pieces to Gozag.

Inventory:

Hand Weapons
 z - a +8 flail of protection (weapon)
Missiles
 l - 4 silver javelins (quivered)
 y - 2 throwing nets
Armour
 b - a +6 plate armour of fire resistance (worn)
 v - a +2 cloak (worn)
 H - a +1 hat of intelligence (worn)
 I - a +2 pair of gloves (worn)
 L - a +0 tower shield (worn)
 N - the +2 pair of boots of the Invisible Hand (worn) {SInv}
   (You found it on level 13 of the Dungeon)

   SInv:      It lets you see invisible.
Jewellery
 c - an amulet of reflection
 n - the ring of Cuichaj (left hand) {rPois Str+2 Dex+3 Slay+2}
   (You found it on level 2 of the Dungeon)

   [ring of poison resistance]

   Str:       It affects your strength (+2).
   Dex:       It affects your dexterity (+3).
   Slay:      It affects your accuracy & damage with ranged weapons and melee
   (+2).
   rPois:     It protects you from poison.
 u - a ring of fire
 w - a ring of fire
 D - an amulet of the acrobat (around neck)
 J - the ring "Teiduck" (right hand) {Fire Drain rPois Will++ Stlth+}
   (You bought it in a shop on level 2 of the Orcish Mines)

   [ring of fire]

   It enhances your fire magic.
   rF:        It protects you from fire.
   rC:        It makes you vulnerable to cold.
   rPois:     It protects you from poison.
   Drain:     It drains your maximum health when unequipped.
   Will:      It greatly increases your willpower.
   Stlth:     It makes you more stealthy.
 M - a ring of protection from fire
Wands
 d - a wand of paralysis (27)
 f - a wand of mindburst (1)
 r - a wand of polymorph (19)
 s - a wand of iceblast (38)
 x - a wand of flame (28)
 C - a wand of light (11)
 E - a wand of digging (10)
Scrolls
 a - 2 scrolls of poison
 e - a scroll of blinking
 i - 6 scrolls of teleportation
 j - 3 scrolls of vulnerability
 k - a scroll of silence
 B - 5 scrolls of identify
 K - 2 scrolls of immolation
 R - 2 scrolls of amnesia
Potions
 h - 2 potions of attraction
 m - 4 potions of brilliance
 o - 3 potions of cancellation
 p - 2 potions of magic
 q - 4 potions of mutation
 t - 5 potions of lignification
 A - a potion of curing
 F - 3 potions of flight
Miscellaneous
 g - a condenser vane
 G - a piece from Xom's chessboard (15/15)


   Skills:
 + Level 16.0 Fighting
 * Level 17.7 Maces & Flails
 - Level 8.4 Throwing
 + Level 16.0 Armour
 + Level 5.8 Dodging
 + Level 16.0 Shields
 - Level 2.5 Evocations


You had 17 spell levels left.
You didn't know any spells.
Your spell library contained the following spells:

 Spells                   Type           Power      Damage    Failure   Level
 Apportation              Tloc           0%         N/A       99%         1
 Beastly Appendage        Tmut           0%         N/A       99%         1
 Freeze                   Ice            0%         1d3       99%         1
 Necrotise                Necr           0%         1d4       99%         1
 Summon Small Mammal      Summ           0%         N/A       99%         1
 Blink                    Tloc           0%         N/A       99%         2
 Ensorcelled Hibernation  Hex/Ice        0%         N/A       99%         2
 Passwall                 Tmut/Erth      0%         N/A       99%         2
 Static Discharge         Conj/Air       0%         3-3/arc   99%         2
 Wereblood                Tmut           0%         N/A       99%         2
 Confusing Touch          Hex            0%         N/A       100%        3
 Conjure Flame            Conj/Fire      0%         6-21      100%        3
 Frozen Ramparts          Ice            0%         1d1       100%        3
 Gell's Gravitas          Tloc           0%         N/A       100%        3
 Ignite Poison            Fire/Tmut/Pois 0%         N/A       100%        3
 Lesser Beckoning         Tloc           0%         N/A       100%        3
 Mephitic Cloud           Conj/Pois/Air  0%         N/A       100%        3
 Ozocubu's Armour         Ice            0%         N/A       100%        3
 Portal Projectile        Hex/Tloc       0%         N/A       100%        3
 Spider Form              Tmut/Pois      0%         N/A       100%        3
 Swiftness                Air            0%         N/A       100%        3
 Teleport Other           Tloc           0%         N/A       100%        3
 Tukima's Dance           Hex            0%         N/A       100%        3
 Dispel Undead            Necr           0%         3d6       100%        4
 Fulminant Prism          Conj/Hex       0%         3d6       100%        4
 Hailstorm                Conj/Ice       0%         3d3       100%        4
 Ice Form                 Ice/Tmut       0%         N/A       100%        4
 Iskenderun's Mystic Bla  Conj/Tloc      0%         2d3       100%        4
 Olgreb's Toxic Radiance  Pois           0%         N/A       100%        4
 Passage of Golubria      Tloc           0%         N/A       100%        4
 Sticky Flame             Conj/Fire      0%         2d3       100%        4
 Summon Ice Beast         Ice/Summ       0%         N/A       100%        4
 Blade Hands              Tmut           0%         N/A       100%        5
 Fireball                 Conj/Fire      0%         3d3       100%        5
 Freezing Cloud           Conj/Ice/Air   0%         6-21      100%        5
 Lee's Rapid Deconstruct  Erth           0%         3d5*      100%        5
 Manifold Assault         Tloc           0%         N/A       100%        5
 Metabolic Englaciation   Hex/Ice        0%         N/A       100%        5
 Summon Mana Viper        Hex/Summ       0%         N/A       100%        5
 Yara's Violent Unravell  Hex/Tmut       0%         3d3       100%        5
 Conjure Ball Lightning   Conj/Air       0%         3x3d6     100%        6
 Dispersal                Tloc           0%         N/A       100%        6
 Starburst                Conj/Fire      0%         6d3       100%        6
 Enfeeble                 Hex            0%         N/A       100%        7
 Monstrous Menagerie      Summ           0%         N/A       100%        7
 Ozocubu's Refrigeration  Ice            0%         4d7       100%        7
 Discord                  Hex            0%         N/A       100%        8
 Disjunction              Tloc           0%         N/A       100%        8
 Ignition                 Fire           0%         3d3       100%        8
 Simulacrum               Ice/Necr       Unusable   N/A       N/A         6

Dungeon Overview and Level Annotations

Branches:
Dungeon (15/15)            Temple (1/1) D:5            Lair (5/5) D:9
  Swamp (1/4) Lair:3        Snake (4/4) Lair:3        Slime (0/5) Lair:4
    Orc (2/2) D:10            Elf (0/3) Orc:2        Vaults (0/5) D:13
 Depths: D:15

Altars:
Ashenzari
Cheibriados
Dithmenos
Elyvilon
Fedhas
Gozag
Hepliaklqana
Kikubaaqudgha
Makhleb
Nemelex Xobeh
Okawaru
Qazlal
Ru
Sif Muna
Trog
Uskayaw
Vehumet
Wu Jian
Xom
Yredelemnul
Zin
The Shining One
Jiyva
Lugonu

Shops:
D:1 :   D:10 :   Orc:2 (([*=   Snake:1 **   Snake:3 **

Portals:
Abyss: Lair:5

Annotations:
D:2 1 runed translucent door, Crazy Yiuf
D:4 3 runed translucent doors, zlionsfan's ghost, novice TeCA
Lair:4 1 runed translucent door
Snake:1 3 runed translucent doors, exclusion: obsidian statue, 0gre's ghost, journeyman GnIE


Innate Abilities, Weirdness & Mutations

You are immune to sickness and miasma.
Your stone body is resilient. (AC +13)
You are immune to poison.
Your large and strong wings let you fly.
You resist negative energy. (rN+)
You are resistant to electric shocks. (rElec)
You are resistant to unholy torment.
You are immune to petrification.
You have a pair of small antennae on your head.
You have supernaturally acute eyesight. (SInv)
Your mind is acute. (Int +4, Str/Dex -1)
Your spells are a little easier to cast, but a little less powerful.


Message History

You destroy the bog body!
You now have 1830 gold pieces (gained 3).
You are engulfed in freezing vapours.
You block the bog body's attack.
The bog body is distracted by your dazzling golden aura.
Found a tyrant leech corpse.
You sock the bog body!
The bog body is no longer distracted by gold.
The bog body is moderately damaged.
The bog body points at you and mumbles some strange words.
The bolt of cold hits you but does no damage.
You bludgeon the bog body!!
The bog body is severely damaged.
You are engulfed in freezing vapours.
* * * LOW HITPOINT WARNING * * *
The bog body touches you but does no damage.
You bludgeon the bog body!!
You destroy the bog body!
You are engulfed in freezing vapours.
* * * LOW HITPOINT WARNING * * *
Your Shields skill increases to level 16!
You now have 1833 gold pieces (gained 3).
A bog body comes into view.
The bog body moves out of view.
You start resting.
A bog body is nearby!
A bog body is nearby!
A bog body is nearby!
A bog body is nearby!
You start resting.
A bog body is nearby!
A bog body is nearby!
A bog body is nearby!
The bog body points at you and mumbles some strange words.
The bolt of cold misses you.
You barely miss the bog body.
You are engulfed in freezing vapours.
The bog body touches you.
* * * LOW HITPOINT WARNING * * *
The bog body freezes you!!!
You feel a terrible chill!
You die...
Your body crumbles into a pile of gold.

♣♣ ♣♣...~..~....~~.~.~~.~.....~♣
♣~♣♣~~.~~..~...~.~..~....~§~..♣♣
~..♣♣......~.~...♣..~~.......♣♣
♣~~~.§~..~~.....~~.~..~.....♣♣
♣.~~~.~.......~.~~......♣.♣♣
♣~.....~....~....~....~§..~♣
♣.♣...~..♣♣♣..♣♣♣.~.~♣.~..♣
♣♣.~.~.~.♣♣.~...♣♣♣..♣.....♣♣
♣.~...♣.♣♣.°.°@n.♣.~...~~...♣♣
♣.~~..~♣♣♣~.♣♣♣♣~♣♣.~........♣
♣~~...~.♣~.♣♣♣♣♣.~♣♣~.~♣♣♣♣.♣♣
♣♣♣...~.♣♣≈≈~>.>~≈♣♣♣♣~♣♣ ♣♣♣
♣♣..♣♣♣♣♣♣♣~.♣≈♣♣♣n~♣ ♣♣♣
♣.......~~♣♣~♣♣♣ §♣
...~~~~~~♣.♣.~ .♣
~~~~~~..~~♣♣♣[† ♣♣ ~~.~..♣~~~.
♣..


You could see a bog body.

Vanquished Creatures
  Vashnia (Snake:3)
  Frances (D:13)
  Kirke (D:12)
  Gastronok (Orc:1)
  5 nagarajas
  An orc warlord (Orc:1)
  A ghoul (Swamp:1)
  The ghost of Noafodix the Cleaver, a journeyman MiMo of Cheibriados (D:13)
  2 eleionomae (Swamp:1)
  A bunyip (Swamp:1)
  Josephine (D:13)
  Erolcha (D:13)
  Fannar (D:12)
  Harold (Orc:1)
  3 salamander tyrants (Snake:4)
  8 hydras
  6 boulder beetles
  A centaur warrior (D:13)
  14 anacondas
  8 death yaks
  Urug (Lair:3)
  2 two-headed ogres
  13 naga sharpshooters
  9 naga warriors
  6 shock serpents
  4 orc high priests
  2 thrashing horrors (Lair:5)
  Amaemon (Lair:1)
  Sonja (D:10)
  6 salamander mystics
  A goliath frog (Swamp:1)
  3 skeletal warriors (D:15)
  12 naga ritualists
  8 bog bodies
  3 swamp dragons (Swamp:1)
  3 orc knights
  13 mana vipers
  8 ugly things
  3 cyclopes
  A deep elf pyromancer (D:9)
  5 orc sorcerers
  2 manticores
  24 salamanders
  A salamander (shapeshifter) (D:13)
  6 elephants (Lair:4)
  3 large abominations (Lair:5)
  8 guardian serpents
  10 naga magi
  42 black mambas
  Maggie (D:8)
  3 smoke demons (Lair:5)
  A gargoyle (D:10)
  An orange demon (Lair:1)
  A rime drake (Lair:5)
  13 cane toads
  Psyche (D:10)
  6 komodo dragons
  An unseen horror (D:10)
  An efreet (D:14)
  A tengu conjurer (D:14)
  4 ancient zymes (Lair:5)
  A kobold demonologist (D:10)
  7 trolls
  2 trolls (shapeshifter)
  3 polar bears
  3 meliai (D:15)
  A wind drake (shapeshifter) (D:13)
  A tyrant leech (Swamp:1)
  5 hornets
  A tarantella (shapeshifter) (D:14)
  14 blink frogs (Lair:5)
  Prince Ribbit (D:8)
  11 slime creatures
  10 dream sheep
  A shadow (D:15)
  3 spriggans (Swamp:1)
  50 yaks
  10 wraiths
  A basilisk (shapeshifter) (D:13)
  6 basilisks (Lair:5)
  2 wyverns
  5 hogs (D:12)
  A steam dragon (D:7)
  16 vampire mosquitoes
  2 wargs
  Edmund (D:6)
  2 chaos spawn (Lair:5)
  40 nagas
  2 swamp worms (Swamp:1)
  Duvessa (D:6)
  2 acid dragons (D:11)
  13 water moccasins
  4 ice beasts
  A swamp drake (D:10)
  33 orc warriors
  2 black bears
  8 ogres
  9 wolves
  4 centaurs
  2 phantoms
  5 kobold brigands
  15 bullfrogs
  4 necrophages
  16 wights
  13 small abominations (Lair:5)
  Dowan (D:6)
  6 killer bees (D:8)
  2 electric eels
  6 howler monkeys
  2 lava snakes (Snake:2)
  5 hounds
  16 orc priests
  A jelly (D:8)
  2 iguanas
  23 orc wizards
  2 hell rats (Lair:4)
  8 adders
  5 river rats (Lair:4)
  2 shadow imps
  5 ufetubi
  2 dart slugs
  2 worms
  87 orcs
  8 ball pythons
  5 endoplasms
  5 giant cockroaches
  7 goblins
  7 hobgoblins
  8 jackals
  4 quokkas
  8 bats
  4 frilled lizards
  25 kobolds
  3 rats
889 creatures vanquished.

Vanquished Creatures (collateral kills)
  A salamander (Snake:2)
1 creature vanquished.

Vanquished Creatures (others)
  A wizard (D:7)
  2 bloated husks (Swamp:1)
  A slime creature (D:15)
  2 vampire mosquitoes (Swamp:1)
  A necrophage (Swamp:1)
  An orc wizard (D:7)
  An orc (Orc:1)
  19 fungi
  52 plants
  2 withered plants (D:13)
82 creatures vanquished.

Grand Total: 972 creatures vanquished

Notes
Turn   | Place    | Note
-------+----------+-------------------------------------------
     0 | D:1      | retardedninja the Gargoyle Fighter began the quest for the
                  | Orb.
     0 | D:1      | Reached XP level 1. HP: 14/14 MP: 1/1
   186 | D:1      | Reached XP level 2. HP: 17/19 MP: 2/2
   227 | D:1      | Found Ybuza's Book Boutique.
   410 | D:1      | Found a faded altar of an unknown god.
   928 | D:2      | Reached XP level 3. HP: 23/23 MP: 3/3
  1095 | D:2      | Identified the ring of Cuichaj {rPois Str+2 Dex+3 Slay+2}
  1360 | D:2      | Found a runed translucent door.
  1361 | D:2      | Noticed Crazy Yiuf
  1586 | D:3      | Reached XP level 4. HP: 26/29 MP: 4/4
  1900 | D:3      | Found a sparkling altar of Nemelex Xobeh.
  2591 | D:4      | Noticed an ogre
  2598 | D:4      | Reached skill level 3 in Maces & Flails
  2598 | D:4      | Reached XP level 5. HP: 21/33 MP: 5/5
  2930 | D:4      | Noticed an ogre
  2968 | D:3      | Killed an ogre
  2972 | D:3      | Reached XP level 6. HP: 8/39 MP: 6/6
  3796 | D:4      | Found an iron altar of Okawaru.
  3846 | D:4      | Found a runed translucent gate.
  3847 | D:4      | Found a runed translucent gate.
  3847 | D:4      | Found a runed translucent gate.
  3849 | D:4      | Noticed zlionsfan's ghost (novice TeCA)
  3853 | D:4      | Identified the +7 mace "Utuet" {elec, Str+3 Dex+4}
  4041 | D:5      | Entered Level 5 of the Dungeon
  4056 | D:5      | Found a staircase to the Ecumenical Temple.
  4079 | D:5      | Reached skill level 5 in Fighting
  4079 | D:5      | Reached skill level 5 in Armour
  4096 | Temple   | Entered the Ecumenical Temple
  4736 | D:5      | Noticed a black bear
  4746 | D:5      | Killed a black bear
  4747 | D:5      | Reached skill level 4 in Maces & Flails
  4747 | D:5      | Reached skill level 5 in Shields
  4747 | D:5      | Reached XP level 7. HP: 36/44 MP: 7/7
  5731 | D:5      | Found a broken altar of Ashenzari.
  5960 | D:6      | Noticed Duvessa
  5961 | D:6      | Noticed Dowan
  5989 | D:6      | Killed Duvessa
  5997 | D:6      | Reached XP level 8. HP: 48/51 MP: 8/8
  6006 | D:6      | Killed Dowan
  6055 | D:6      | Reached skill level 5 in Maces & Flails
  6754 | D:6      | Noticed Edmund
  6767 | D:6      | Killed Edmund
  8107 | D:7      | Reached XP level 9. HP: 56/56 MP: 9/9
  8146 | D:7      | Found a bloodstained altar of Trog.
  8148 | D:7      | Noticed a wizard
  8153 | D:7      | Killed a wizard
  8213 | D:7      | Reached skill level 6 in Maces & Flails
  8330 | D:7      | Found a white marble altar of Elyvilon.
  9330 | D:8      | Reached skill level 7 in Maces & Flails
  9611 | D:8      | Noticed Prince Ribbit
  9616 | D:8      | Reached XP level 10. HP: 64/64 MP: 10/10
  9621 | D:8      | Killed Prince Ribbit
  9693 | D:8      | Found a stormy altar of Qazlal.
  9749 | D:8      | Noticed Maggie
  9760 | D:8      | Killed Maggie
  9897 | D:8      | Found the +7 Throatcutter {drain, coup de grace}
  9951 | D:8      | Found a blossoming altar of Fedhas.
  9983 | D:8      | Found an opulent altar of Gozag.
 10077 | D:8      | Became a worshipper of Gozag Ym Sagoz the Greedy
 10580 | D:9      | Found a staircase to the Lair.
 10603 | D:9      | Reached skill level 8 in Maces & Flails
 11121 | D:9      | Noticed a deep elf pyromancer
 11132 | D:9      | Killed a deep elf pyromancer
 11133 | D:9      | Reached XP level 11. HP: 43/72 MP: 11/11
 11788 | D:10     | Entered Level 10 of the Dungeon
 11795 | D:10     | Noticed a seven-headed hydra
 11860 | Lair:1   | Entered Level 1 of the Lair of Beasts
 11875 | Lair:1   | You fall into a shaft and drop 1 floor!
 11897 | Lair:2   | HP: 2/72 [yak (10)]
 11904 | Lair:2   | Reached skill level 10 in Armour
 11904 | Lair:2   | Reached skill level 1 in Dodging
 11907 | Lair:2   | Reached skill level 10 in Fighting
 12415 | Lair:2   | Reached skill level 10 in Shields
 12507 | Lair:1   | Reached skill level 9 in Maces & Flails
 12580 | Lair:1   | Noticed Amaemon
 12590 | Lair:1   | Killed Amaemon
 13816 | Lair:1   | Reached XP level 12. HP: 62/79 MP: 12/12
 14336 | Lair:1   | Noticed a five-headed hydra
 14337 | Lair:1   | Gained mutation: You have supernaturally acute eyesight.
                  | (SInv) [potion of mutation]
 14337 | Lair:1   | Gained mutation: Your spells are a little easier to cast,
                  | but a little less powerful. [potion of mutation]
 14337 | Lair:1   | Gained mutation: Your mind is acute. (Int +4, Str/Dex -1)
                  | [potion of mutation]
 14337 | Lair:1   | Gained mutation: You have a pair of small antennae on your
                  | head. [potion of mutation]
 14347 | Lair:1   | Killed a five-headed hydra
 14599 | Lair:1   | Noticed a seven-headed hydra
 14611 | Lair:1   | Killed a seven-headed hydra
 15133 | Lair:2   | Reached skill level 10 in Maces & Flails
 15252 | Lair:2   | Noticed a boulder beetle
 15268 | Lair:2   | Killed a boulder beetle
 15813 | Lair:2   | Noticed a boulder beetle
 15823 | Lair:2   | Killed a boulder beetle
 17178 | Lair:3   | Found a staircase to the Swamp.
 17335 | Lair:3   | Noticed Urug
 17346 | Lair:3   | Killed Urug
 18046 | Lair:3   | Found a staircase to the Snake Pit.
 18076 | Lair:3   | Reached XP level 13. HP: 80/85 MP: 13/13
 18107 | Lair:3   | Reached skill level 5 in Dodging
 19108 | Lair:3   | Reached skill level 1 in Throwing
 19530 | Lair:4   | Reached skill level 11 in Maces & Flails
 19922 | Lair:4   | Found a runed translucent door.
 19922 | Lair:4   | Found a viscous altar of Jiyva.
 19924 | Lair:4   | Found a staircase to the Slime Pits.
 20625 | Lair:5   | Entered Level 5 of the Lair of Beasts
 22772 | Lair:5   | Reached skill level 12 in Maces & Flails
 23361 | Lair:5   | Gained mutation: Your large and strong wings let you fly.
                  | [Gargoyle growth]
 23361 | Lair:5   | Reached XP level 14. HP: 36/92 MP: 14/14
 25873 | Lair:5   | Found a corrupted altar of Lugonu.
 25873 | Lair:5   | Found a one-way gate to the infinite horrors of the Abyss.
 26421 | D:10     | Noticed Psyche
 26429 | D:10     | Killed Psyche
 26557 | D:10     | Noticed Sonja
 26575 | D:10     | Killed Sonja
 26576 | D:10     | Reached skill level 13 in Maces & Flails
 27426 | D:10     | Found Yluocute's Book Shoppe.
 27693 | D:10     | Found a staircase to the Orcish Mines.
 27711 | D:10     | Reached skill level 5 in Throwing
 28335 | D:11     | Found a frozen archway.
 28713 | D:12     | Noticed Fannar
 28732 | D:12     | Killed Fannar
 28998 | D:12     | Identified the +6 ring mail of the Five of Pentacles
                  | {Rampage *Slow rElec Str+3}
 29894 | D:13     | Noticed Kirke
 30442 | D:12     | Killed Kirke
 31037 | D:13     | Noticed Frances
 31146 | Orc:1    | Entered Level 1 of the Orcish Mines
 31157 | Orc:1    | Noticed Harold
 31191 | Orc:1    | Killed Harold
 31312 | Orc:1    | Reached XP level 15. HP: 99/99 MP: 15/15
 31408 | Orc:2    | Entered Level 2 of the Orcish Mines
 31408 | Orc:2    | Found a staircase to the Elven Halls.
 32756 | Orc:2    | Found Enlad's Antique Weapon Shoppe.
 32784 | Orc:2    | Noticed an orc warlord
 33939 | Orc:1    | Killed an orc warlord
 34166 | Orc:2    | Reached skill level 14 in Maces & Flails
 35921 | Orc:2    | Found Diot Bug's General Store.
 35922 | Orc:2    | Found Fiopior's Jewellery Emporium.
 35924 | Orc:2    | Found Isyox's Antique Armour Shoppe.
 35924 | Orc:2    | Found Voeng's Antique Weapon Shoppe.
 35929 | Orc:2    | Bought a wand of light (5) for 252 gold pieces
 35929 | Orc:2    | Bought a scroll of summoning for 114 gold pieces
 35929 | Orc:2    | Bought a scroll of fog for 48 gold pieces
 36170 | Orc:1    | Noticed Gastronok
 36234 | Orc:1    | Killed Gastronok
 36498 | Orc:2    | Bought the ring "Teiduck" {Fire Drain rPois Will++ Stlth+}
                  | for 663 gold pieces
 36717 | D:13     | Noticed Josephine
 36731 | D:13     | Killed Josephine
 36754 | D:13     | Killed Frances
 37193 | D:13     | Noticed Erolcha
 37206 | D:13     | Killed Erolcha
 37344 | D:13     | Found a gate to the Vaults.
 37519 | D:13     | Found a runed translucent door.
 37520 | D:13     | Noticed Noafodix's ghost (journeyman MiMo)
 37843 | D:13     | Killed Noafodix's ghost
 37848 | D:13     | Identified the +2 pair of boots of the Invisible Hand
                  | {SInv}
 38935 | D:14     | Found a radiant altar of Vehumet.
 40039 | D:15     | Entered Level 15 of the Dungeon
 41027 | Swamp:1  | Entered Level 1 of the Swamp
 41498 | Snake:1  | Entered Level 1 of the Snake Pit
 41559 | Snake:1  | Reached skill level 15 in Maces & Flails
 42111 | Snake:1  | Found a runed translucent gate.
 42111 | Snake:1  | Found a runed translucent gate.
 42111 | Snake:1  | Found an opulent altar of Gozag.
 42188 | Snake:1  | Reached XP level 16. HP: 107/107 MP: 16/16
 43294 | Snake:1  | Found a sacrificial altar of Ru.
 43923 | Snake:1  | Found a runed translucent gate.
 43924 | Snake:1  | Found Esyxt's Assorted Antiques.
 43924 | Snake:1  | Noticed 0gre's ghost (journeyman GnIE)
 43927 | Snake:1  | Found Naenuuhy's Assorted Antiques.
 46684 | Snake:2  | HP: 3/107 [constriction (3)]
 47273 | Snake:2  | Reached skill level 16 in Maces & Flails
 47273 | Snake:2  | Reached skill level 15 in Armour
 47277 | Snake:2  | Reached skill level 15 in Fighting
 48294 | Snake:3  | Found Log Baaxt's General Store.
 48294 | Snake:3  | Found Vaup's Assorted Antiques.
 48302 | Snake:3  | Bought a potion of heal wounds for 90 gold pieces
 48308 | Snake:3  | Bought a scroll of enchant weapon for 285 gold pieces
 48344 | Snake:3  | Reached skill level 15 in Shields
 48771 | Snake:3  | Noticed Vashnia
 48859 | Snake:4  | Entered Level 4 of the Snake Pit
 49342 | Snake:3  | Killed Vashnia
 49345 | Snake:3  | Reached XP level 17. HP: 52/113 MP: 17/17
 51044 | Snake:4  | Reached skill level 1 in Evocations
 53389 | Snake:4  | Reached skill level 17 in Maces & Flails
 55881 | Snake:4  | Got a serpentine rune of Zot
 56933 | D:15     | Found a hazy altar of Hepliaklqana.
 57145 | D:15     | Found a shadowy altar of Dithmenos.
 57222 | D:15     | HP: 4/115 [very large slime creature (28)]
 59353 | Swamp:1  | Reached XP level 18. HP: 91/120 MP: 18/18
 60167 | Swamp:1  | Annihilated by a bog body

Illustrated notes

Levels and vault maps discovered:
D:1:      dpeg_arrival_rhombi, layout_loops_ring, basic_ecumenical_altar,
          serial_shops, nicolae_shop_hallway_stairs
D:2:      layout_basic, uniq_crazy_yiuf_cottage
D:3:      layout_basic, nemelex_diamond_rough_becter
D:4:      layout_rooms, okawaru_ov_weapons_minmay, biasface_ghost_orc_armoury
D:5:      layout_basic, marbit_many_paths, minmay_temple_entry_mist,
          nicolae_underground_beach
D:6:      layout_basic, uniq_edmund, uniq_duvessa
D:7:      layout_basic, nicolae_elyvilon_temple_path, trog_wizard
D:8:      layout_cave_pools, grunt_qazlal_clouds, mainiacjoe_overflow_two_lobes,
          uniq_prince_ribbit1, uniq_maggie
D:9:      layout_loops_corners, david_lair_shrubbed, enter_bailey_3
D:10:     layout_cave_pods, erik_orc_1, serial_shops, nicolae_shop_hallway_plus,
          minivault_21, minmay_between, uniq_psyche, uniq_sonja
D:11:     layout_irregular_city, portal_ice_cave_entry_pillars_1
D:12:     layout_basic, minivault_22, uniq_fannar
D:13:     layout_gridville, david_vaults_4, gammafunk_ghost_grave,
          uniq_josephine, uniq_erolcha, uniq_frances, uniq_kirke
D:14:     layout_long_grid, nicolae_vehumet_altar_sigil
D:15:     gammafunk_enter_depths_forms, layout_long_grid,
          nicolae_hepliaklqana_hazy_memory, grunt_dithmenos_shadows
Temple:   eino_narrow_crystal_temple
Lair:1:   layout_cave_pods, uniq_amaemon
Lair:2:   layout_loops_ring, st_stairs_5, grunt_megastairs_1
Lair:3:   layout_small_grid, skrybe_swamp_entry_bodies,
          minmay_snake_entry_guardpost_medium, infiniplex_staircase_pool,
          grunt_megastairs_2, uniq_urug
Lair:4:   layout_gridlike, slime_entry_2, eino_small_chamber_without_monster,
          kennysheep_rathole
Lair:5:   hellmonk_lair_end_abyssal_woods, layout_long_grid
Swamp:1:  layout_falls_marsh, evilmike_swamp_ruin_house_6, swamp_pool5,
          hangedman_swamp_ravenous, infiniplex_staircase_pool_2
Snake:1:  layout_basic, basic_altar, ebering_ghost_gozag,
          nicolae_snake_gridmaze_waves
Snake:2:  layout_layer_cave, nicolae_snake_salamander_zone
Snake:3:  layout_rooms, grunt_megastairs_5, minmay_shoptagon, uniq_vashnia
Snake:4:  johnstein_snake_rune_scales, layout_misc_corridors, st_stairs_11
Orc:1:    layout_diamond_mine, basic_altar, mines_bat_river, uniq_harold,
          uniq_gastronok
Orc:2:    st_orc_congregation, layout_diamond_mine, serial_shops, shop_fountains

Skill      XL: |  1  2  3  4  5  6  7  8  9 10 11 12 13 14 15 16 17 18 |
---------------+-------------------------------------------------------+-----
Armour         | 4 5 6 8 9 10 11 12 13 14 15 16 | 16.0
Fighting       | 4 5 6 8 9 10 11 12 13 14 15 16 | 16.0
Shields        | 4 5 6 8 9 10 11 12 13 14 15 16 | 16.0
Maces & Flails | 3 4 5 7 8 9 10 12 13 15 16 17 | 17.7
Dodging        | 3 4 5 |  5.8
Throwing       | 3 5 7 8 |  8.4
Evocations     | 2 |  2.5

Action                   |  1- 3 |  4- 6 |  7- 9 | 10-12 | 13-15 | 16-18 || total
-------------------------+-------+-------+-------+-------+-------+-------++-------
Melee: Flail             |    98 |   130 |   336 |   483 |  1720 |  1459 ||  4226
       Unarmed           |       |       |       |       |     8 |       ||     8
Throw: Javelin           |       |       |       |    13 |       |     8 ||    21
       Throwing net      |       |       |       |       |       |     4 ||     4
Invok: Potion Petition   |       |       |       |     1 |    12 |     5 ||    18
Evoke: Wand              |       |       |       |       |     6 |       ||     6
       Condenser vane    |       |       |       |       |     2 |     1 ||     3
       Piece from Xom's  |       |       |       |       |       |     1 ||     1
  Use: Potion            |       |     1 |     5 |     8 |     9 |    16 ||    39
       Scroll            |       |     3 |     6 |     4 |    35 |     9 ||    57
 Stab: Distracted        |       |       |       |     1 |    11 |     4 ||    16
       Invisible         |       |       |       |       |     3 |       ||     3
Armor: Scale mail        |    57 |    65 |       |       |       |       ||   122
       Plate armour      |       |       |   286 |   261 |  1158 |  1045 ||  2750
       Skin              |       |       |       |       |       |    22 ||    22
Dodge: Dodged            |    57 |   113 |   222 |   287 |   848 |   467 ||  1994
Block: Buckler           |    20 |    45 |   125 |   165 |   593 |   252 ||  1200
       Tower shield      |       |       |       |       |       |   869 ||   869
